 Dungeon Crawl Stone Soup version 0.20.1-1-g8b1a95d (webtiles) character file.

537 letownia2 the Grave Robber (level 7, -2/55 HPs)
             Began as a Deep Dwarf Necromancer on Dec 15, 2017.
             Was an Initiate of Gozag.
             Slain by a steam dragon (5 damage)
             ... on level 6 of the Dungeon.
             The game lasted 00:10:53 (4290 turns).

letownia2 the Grave Robber (Deep Dwarf Necromancer) Turns: 4290, Time: 00:10:54

Health: -2/55      AC:  6    Str: 12    XL:     7   Next: 5%
Magic:  2/14       EV: 10    Int: 17    God:    Gozag
Gold:   629        SH:  0    Dex: 13    Spells: 11/15 levels left

rFire    . . .     SeeInvis .   a - +0 whip (drain)
rCold    + . .     Gourm    .   (no shield)
rNeg     + . .     Faith    .   r - +0 ring mail
rPois    .         Spirit   .   t - +0 helmet
rElec    .         Reflect  .   (no cloak)
rCorr    .         Harm     .   (no gloves)
MR       +....                  (no boots)
Stlth    +.........             (no amulet)
Regen    0.0/turn               y - ring of protection from cold
MPRegen  0.2/turn               F - ring of positive energy

@: very slightly contaminated, non-regenerating, drained
A: damage resistance, heal wounds, sense surroundings 1, no regeneration
a: Heal Wounds, Potion Petition, Call Merchant, Bribe Branch, Renounce Religion


You were on level 6 of the Dungeon.
You worshipped Gozag.
Gozag was pleased with you.
You were not hungry.

You visited 2 branches of the dungeon, and saw 7 of its levels.

You collected 727 gold pieces.
You paid 98 gold pieces to Gozag.

Inventory:

Hand Weapons
 a - a +0 whip of draining (weapon)
 n - a +0 short sword
 v - a +0 blowgun
 B - a +0 shortbow
Missiles
 d - 4 tomahawks of dispersal (quivered)
 g - 37 bolts
 w - 17 poisoned needles
 C - 63 arrows
Armour
 p - a +0 scale mail
 r - a +0 ring mail (worn)
 s - a cursed +0 scale mail
 t - a +0 helmet (worn)
 z - a +1 scale mail of fire resistance
Jewellery
 f - an uncursed ring of protection from cold
 o - a +3 ring of protection {unknown}
 x - an uncursed ring of flight
 y - a ring of protection from cold (left hand)
 F - a ring of positive energy (right hand)
Wands
 q - a wand of acid (8/15)
 N - a wand of flame (3/48)
Scrolls
 e - 4 scrolls of remove curse
 i - 4 scrolls of immolation {unknown}
 j - 5 scrolls of identify
 A - 2 scrolls of magic mapping {unknown}
 D - a scroll of enchant armour {unknown}
 H - a scroll of recharging {unknown}
 I - a scroll of fear {unknown}
Potions
 b - a potion of flight {unknown}
 h - 2 potions of invisibility {unknown}
 k - a potion of resistance {unknown}
 l - a potion of haste {unknown}
 m - a potion of curing {unknown}
 u - 6 potions of heal wounds {unknown}
 J - a potion of magic {unknown}
 K - a potion of might {unknown}
 L - a potion of degeneration {unknown}
 M - 2 potions of agility {unknown}
Books
 E - a book of Necromancy

   Spells                             Type                      Level
   a - Pain                           Necromancy                   1
   b - Animate Skeleton               Necromancy                   1
   c - Vampiric Draining              Necromancy                   3
   d - Regeneration                   Charms/Necromancy            3
   e - Animate Dead                   Necromancy                   4
   f - Control Undead                 Necromancy                   4
Comestibles
 c - 3 bread rations
 G - a royal jelly


   Skills:
 - Level 2.1(1.5) Dodging
 - Level 2.4(1.8) Stealth
 + Level 4.8(4.2) Spellcasting
 - Level 7.1(6.4) Necromancy


You had 11 spell levels left.
You knew the following spells:

 Your Spells              Type           Power        Failure   Level  Hunger
a - Pain                  Necr           ####         2%          1    None
v - Vampiric Draining     Necr           ####......   8%          3    ###....


Dungeon Overview and Level Annotations

Branches:
Dungeon (6/15)             Temple (1/1) D:5

Altars:
Cheibriados
Dithmenos
Elyvilon
Gozag
Hepliaklqana
Makhleb
Nemelex Xobeh
Okawaru
Ru
Sif Muna
Uskayaw
Vehumet
Xom
Yredelemnul
Zin
The Shining One

Annotations:
D:5 exclusions: crimson imp, orc priest and orc wizard


Innate Abilities, Weirdness & Mutations

You are resistant to damage.
You can heal yourself by infusing magical energy.
You passively map a small area around you.
You do not regenerate.


Message History

You are engulfed in a cloud of scalding steam.
The steam dragon breathes steam at you. The ball of steam hits you!
* * * LOW HITPOINT WARNING * * *
Unknown command.
Unknown command.
Unknown command.
Casting: Vampiric Draining
Confirm with . or Enter, or press ? or * to list all spells.
Aiming: Vampiric Draining
Press: ? - help, Shift-Dir - straight line, f/p - steam dragon
Aim: a steam dragon (heavily wounded, catching its breath, covered in acid)
The steam dragon is almost dead.
You feel life coursing into your body.
You are engulfed in a cloud of scalding steam.
* * * LOW HITPOINT WARNING * * *
The fungus is engulfed in a cloud of scalding steam.
The steam dragon bites you!
You die...
Your body crumbles into a pile of gold.

, #≈.P##...#.#
####### * ,
,,*
#≈..##..##..
......
*#≈..###.###.#
...... , #P.P#
#). .. ......
* ##≈.# ..
##.......
*#..#,.
###..#. ,*
#§§## #..#.
#§§§# #., *,
#D@§# * , , *


#PDP# $ #..P#, . #≈.≈#, .. * *#...#* , .. *.≈.≈P *.. ....P^# , $ ^≈....≈. , , ,
, * #........#, ,, You could see 2 steam dragons.

Vanquished Creatures
  A centaur (D:5)
  2 bullfrogs
  2 bullfrog zombies (D:5)
  An orc priest (D:3)
  An orc wizard (D:3)
  2 worker ants (D:4)
  A hound zombie (D:6)
  2 adders (D:2)
  4 oozes
  An adder skeleton (D:4)
  An adder zombie (D:5)
  A worm (D:3)
  2 dart slugs
  3 leopard geckos
  5 orcs
  4 ball pythons
  4 giant cockroaches
  8 goblins
  10 hobgoblins
  12 jackals
  2 quokkas (D:3)
  5 bats
  3 frilled lizards
  9 kobolds
  3 rats
89 creatures vanquished.

Notes
Turn   | Place    | Note
-------+----------+-------------------------------------------
     0 | D:1      | letownia2 the Deep Dwarf Necromancer began the quest for the Orb.
     0 | D:1      | Reached XP level 1. HP: 15/15 MP: 3/3
   217 | D:2      | Reached XP level 2. HP: 19/22 MP: 1/4
   309 | D:2      | Reached skill level 5 in Necromancy
   402 | D:3      | Reached XP level 3. HP: 24/28 MP: 2/6
   407 | D:3      | Learned a level 3 spell: Vampiric Draining
   659 | D:4      | Noticed a phantom
   835 | D:4      | Reached skill level 6 in Necromancy
   835 | D:4      | Reached XP level 4. HP: 9/36 MP: 0/7
  1384 | D:5      | Entered Level 5 of the Dungeon
  1595 | D:5      | Noticed a centaur
  1643 | D:5      | Found a staircase to the Ecumenical Temple.
  1649 | Temple   | Entered the Ecumenical Temple
  1757 | Temple   | Became a worshipper of Gozag Ym Sagoz the Greedy
  1867 | D:5      | Killed a centaur
  1867 | D:5      | Reached XP level 5. HP: 31/42 MP: 0/9
  1968 | D:3      | HP: 2/42 [orc priest/nerve-wracking pain (7)]
  3042 | D:2      | Reached XP level 6. HP: 26/49 MP: 9/11
  3210 | D:2      | Found a hide-covered altar of Uskayaw.
  3215 | D:2      | Found a deep blue altar of Sif Muna.
  3655 | D:3      | Reached skill level 7 in Necromancy
  4026 | D:5      | Reached XP level 7. HP: 29/55 MP: 2/14
  4280 | D:6      | Noticed a steam dragon
  4281 | D:6      | Noticed a steam dragon
  4290 | D:6      | Slain by a steam dragon

Skill      XL: |  1  2  3  4  5  6 |
---------------+-------------------+-----
Spellcasting   | 2 3 4 |  4.8
Necromancy     | 5 6 7 |  7.1
Dodging        | |  2.1
Stealth        | |  2.4

Action                   |  1- 3 |  4- 6 |  7- 9 || total
-------------------------+-------+-------+-------++-------
Melee: Unarmed           |     5 |       |       ||     5
       Short sword       |    23 |    19 |       ||    42
       Whip              |       |    53 |    23 ||    76
Throw: Tomahawk          |     3 |       |       ||     3
 Cast: Pain              |    38 |    90 |       ||   128
       Vampiric Draining |     1 |    26 |     2 ||    29
Evoke: Wand              |       |       |     1 ||     1
  Use: Scroll            |       |     3 |       ||     3
 Stab: Sleeping          |       |     1 |       ||     1
  Eat: Chunk             |       |     5 |       ||     5
       Meat ration       |       |     2 |       ||     2
Armor: Robe              |     7 |       |       ||     7
       Ring mail         |    15 |    36 |    15 ||    66
Dodge: Dodged            |    35 |    67 |    15 ||   117
